 Dungeon Crawl Stone Soup version 0.29-a0-219-g0a02b1cf4f (webtiles) character file.

Game seed: 2619423902497010379

21563 snetch the Basher (level 12, -2/110 HPs)
             Began as a Minotaur Berserker on Feb 24, 2022.
             Was a High Priest of Trog.
             Slain by a hog (5 damage)
             ... led by Kirke
             ... on level 13 of the Dungeon on Feb 25, 2022.
             The game lasted 00:58:44 (12503 turns).

snetch the Basher (Minotaur Berserker)             Turns: 12503, Time: 00:58:45

Health: -2/110     AC:  0    Str: 28    XL:     12   Next: 55%
Magic:  11/11      EV: 16    Int:  4    God:    Trog [*****.]
Gold:   603        SH:  0    Dex:  9    Spells: 11/11 levels left

rFire   . . .      SeeInvis .   (weapon currently unavailable)
rCold   . . .      Faith    .   (shield currently unavailable)
rNeg    . . .      Spirit   .   (body armour currently unavailable)
rPois   .          Reflect  .   (helmet currently unavailable)
rElec   .          Harm     .   (cloak currently unavailable)
rCorr   .          Rampage  .   (gloves currently unavailable)
Will    ++...                   (boots currently unavailable)
Stlth   ++........              r - amulet of regeneration
HPRegen 2.08/turn               (ring currently unavailable)
MPRegen 0.12/turn               (ring currently unavailable)

@: pig-form (expiring), strong-willed, on berserk cooldown, regenerating, slowed
A: fast, no casting, small, (horns 2), (retaliatory headbutt)
a: Renounce Religion, Berserk, Trog's Hand, Brothers in Arms


You were on level 13 of the Dungeon.
You worshipped Trog.
Trog was extremely pleased with you.
You were a filthy swine.
You visited 2 branches of the dungeon, and saw 14 of its levels.
You also visited: Ossuary.

You collected 841 gold pieces.
You spent 238 gold pieces at shops.

Inventory:

Hand Weapons
 a - the +5 mace "Earthworm" (melded) {flame, rCorr Str+6}
   (You found it on level 7 of the Dungeon)

   It burns those it strikes, dealing additional fire damage.
   Str:       It affects your strength (+6).
   rCorr:     It protects you from acid and corrosion.
 b - a +0 war axe
 c - a +0 demon trident
 d - a +3 quarterstaff of chaos
 u - a +2 whip of electrocution
 x - a +4 hunting sling
 z - a +1 falchion of draining
 H - a +1 demon whip of venom
 Z - the +10 rapier of Jieham Cein {vorpal, Dex+5}
   (Trog gifted it to you on level 9 of the Dungeon)

   It inflicts extra damage upon your enemies.
   Dex:       It affects your dexterity (+5).
Missiles
 e - 7 curare-tipped darts
 h - 421 stones
 i - 12 boomerangs (quivered)
 s - 56 poisoned darts
 E - 5 throwing nets
 W - 3 atropa-tipped darts
Armour
 p - a +0 pair of boots (melded)
 F - an orb of light (melded)
 G - the -4 pair of gloves of the Neverending Knives {rElec}
   (You found it on level 4 of the Dungeon)

   rElec:     It insulates you from electricity.
 L - a +0 cloak (melded)
 P - the +4 robe of Augmentation {Str+4 Int+4 Dex+4}
   (You found it on level 6 of the Dungeon)

   Str:       It affects your strength (+4).
   Int:       It affects your intelligence (+4).
   Dex:       It affects your dexterity (+4).
 S - a +2 chain mail of poison resistance (melded)
 T - a +1 pair of gloves (melded)
Jewellery
 r - an amulet of regeneration (around neck)
 C - a ring of poison resistance (melded)
 I - an amulet of faith
 Q - a +4 ring of protection (melded)
 X - a ring of positive energy
Wands
 t - a wand of flame (8)
 w - a wand of mindburst (18)
 B - a wand of polymorph (14)
 O - a wand of acid (2)
 U - a wand of digging (4)
Scrolls
 f - 4 scrolls of blinking
 j - 7 scrolls of teleportation
 k - 2 scrolls of enchant weapon
 m - 2 scrolls of summoning
 n - a scroll of enchant armour
 y - 2 scrolls of magic mapping
 A - 4 scrolls of brand weapon {unknown}
 D - a scroll of fog
 K - 5 scrolls of fear
Potions
 g - 7 potions of curing
 l - a potion of haste
 o - 2 potions of mutation
 q - 2 potions of might
 v - 4 potions of lignification {unknown}
 J - 2 potions of flight
 M - 2 potions of resistance
 N - 2 potions of cancellation
 V - 2 potions of degeneration {unknown}
 Y - a potion of berserk rage {unknown}


   Skills:
 + Level 11.1 Fighting
 + Level 9.0(12.2) Axes
 - Level 12.8(14.0) Maces & Flails
 + Level 2.7(6.5) Polearms
 + Level 1.9(8.6) Staves
 + Level 6.1 Throwing
 + Level 12.6 Armour
 + Level 7.0 Dodging
 + Level 3.1 Stealth
 + Level 2.0 Evocations


You had 11 spell levels left.
You didn't know any spells.
Your spell library contained the following spells:

 Spells                   Type           Power      Damage    Failure   Level
 Foxfire                  Conj/Fire      0%         2x1d4     50%         1
 Call Canine Familiar     Summ           0%         N/A       86%         3
 Conjure Flame            Conj/Fire      0%         6-21      86%         3
 Gell's Gravitas          Tloc           0%         N/A       86%         3
 Inner Flame              Hex/Fire       0%         N/A       86%         3
 Lesser Beckoning         Tloc           0%         N/A       86%         3
 Portal Projectile        Hex/Tloc       0%         N/A       86%         3
 Stone Arrow              Conj/Erth      0%         3d7       86%         3
 Teleport Other           Tloc           0%         N/A       86%         3
 Tukima's Dance           Hex            0%         N/A       86%         3
 Anguish                  Hex/Necr       0%         N/A       99%         4
 Animate Armour           Summ/Erth      0%         N/A       99%         4
 Flame Wave               Conj/Fire      0%         2d4       99%         4
 Leda's Liquefaction      Hex/Erth       0%         N/A       99%         4
 Enfeeble                 Hex            0%         N/A       100%        7
 Lehudib's Crystal Spear  Conj/Erth      0%         10d2      100%        8


Dungeon Overview and Level Annotations

Branches:
Dungeon (13/15)            Temple (1/1) D:6            Lair (0/6) D:9
    Orc (0/2) D:10         Vaults (0/5) D:13        Ossuary (visited)

Altars:
Ashenzari
Cheibriados
Dithmenos
Elyvilon
Fedhas
Gozag
Hepliaklqana
Kikubaaqudgha
Makhleb
Nemelex Xobeh
Okawaru
Qazlal
Ru
Sif Muna
Trog
Uskayaw
Vehumet
Wu Jian
Xom
Yredelemnul
Zin
The Shining One
Beogh

Shops:
D:6 [   D:8 :   D:10 ?

Annotations:
D:13 Kirke


Innate Abilities, Weirdness & Mutations

You are a filthy swine.
You move quickly.
Your equipment is almost entirely melded.
You are incapable of wielding weapons or throwing items.
You cannot cast spells.
((You have a pair of horns on your head.))
((You reflexively headbutt those who attack you in melee.))


Message History

Your skin crawls.
You feel strong-willed.
Your ogre goes berserk!
Your transformation is almost over.
You hit something. Something hits you!
* * * LOW HITPOINT WARNING * * *
Unknown command.
You feel much better.
Kirke appears from thin air!
Reactivating autopickup.
Your ogre hits Kirke with a +0 giant spiked club!!!
Kirke points at your ogre and mumbles some strange words.
Your ogre evaporates and reforms as a hog!
Kirke closely misses your hog. The hog bites you!
* * * LOW HITPOINT WARNING * * *
You bite Kirke!
Kirke is heavily wounded.
The hog bites you!
* * * LOW HITPOINT WARNING * * *
The hog barely misses you.
Your hog bites Kirke.
Kirke hits you.
* * * LOW HITPOINT WARNING * * *
The hog closely misses you. What are your orders? t - Squeal!
Orders for allies: a - Attack new target. r - Retreat! s - Stop attacking. g - Guard the area. f - Follow me.
Anything else - Cancel.
Gang up on whom?
Press: ? - help, Dir - move target, f - Kirke
Aim: Kirke (heavily wounded, ally target) Attack!
The hog closely misses you.
Your hog bites Kirke!
The hog bites you.
* * * LOW HITPOINT WARNING * * *
The hog barely misses you.
Kirke gestures wildly while chanting.
Kirke summons a lindwurm!
The hog bites you!
* * * LOW HITPOINT WARNING * * *
Your hog bites Kirke!
An orc opens the door.
The hog bites you.
* * * LOW HITPOINT WARNING * * *
The hog bites you.
You die...

####+## #...### #
###..h# #### ###.###
...###### #...#
...#....# ###.#
...#....### ######'##
...#).....# #..h...†#
...)<...#..##.kh@h..#
.....)..##.##...hh..#
#.......# .##.......#
........# ##.......#
#.......# #.......'o
....#.###
.'.......### ###...#
###.......# ..###
#####+### ##.#


You could see Kirke (ally target), a lindwurm (summoned), 3 hogs, an orc and a
friendly hog (summoned).

Vanquished Creatures
  5 hydras
  A boulder beetle (D:11)
  A catoblepas (D:13)
  A two-headed ogre (D:10)
  Amaemon (D:7)
  An ugly thing (D:11)
  2 deep elf pyromancers
  Pikel (D:4)
  A manticore (D:13)
  A cyclops (D:12)
  The ghost of siradein the Skirmisher, a novice HOFi of Makhleb (D:5)
  A gargoyle (D:11)
  A komodo dragon (D:9)
  An orange demon (D:7)
  3 unseen horrors
  A kobold demonologist (D:9)
  A yaktaur (shapeshifter) (D:13)
  A merfolk (shapeshifter) (D:12)
  A wind drake (shapeshifter) (D:13)
  A troll (shapeshifter) (D:12)
  3 trolls
  2 hornets
  3 slime creatures (D:12)
  Grum (D:11)
  3 hogs (D:13)
  A wyvern (D:8)
  2 wraiths
  3 yaks (D:9)
  2 vampire mosquitoes (D:12)
  2 steam dragons
  A warg (D:10)
  2 acid dragons
  4 orc warriors
  A sky beast (D:5)
  An ice beast (D:7)
  2 ogres
  2 necrophages (D:5)
  4 wolves (D:11)
  5 centaurs
  4 lemures
  3 elf zombies (Ossuary)
  5 kobold brigands
  4 bullfrogs
  A scorpion (D:4)
  2 water moccasin zombies
  A water moccasin skeleton (D:4)
  24 killer bees
  A wight (D:8)
  4 howler monkeys
  A vampire bat (D:7)
  2 bullfrog zombies
  5 hounds
  2 centaur zombies
  A human zombie (Ossuary)
  Crazy Yiuf (D:4)
  4 centaur skeletons
  2 gnoll shamans (D:8)
  8 orc priests
  A bullfrog skeleton (D:6)
  Ijyb (D:3)
  5 iguanas
  A scorpion zombie (D:5)
  10 orc wizards
  2 killer bee zombies
  2 mummies (Ossuary)
  Robin (D:4)
  9 gnolls
  9 river rats (D:7)
  7 adders
  A shadow imp (D:6)
  2 white imps
  2 ufetubi
  An adder zombie (D:5)
  4 worms
  4 dart slugs
  43 orcs
  12 bats
  2 endoplasms (D:2)
  5 giant cockroaches
  23 goblins
  11 hobgoblins
  5 jackals
  4 quokkas
  8 ball pythons
  4 frilled lizards
  2 goblin zombies (Ossuary)
  10 hobgoblin zombies (Ossuary)
  2 jackal zombies (Ossuary)
  24 kobolds
  11 kobold zombies (Ossuary)
  5 orc zombies (Ossuary)
  15 rats
  2 rat zombies (Ossuary)
396 creatures vanquished.

Vanquished Creatures (collateral kills)
  3 orc warriors (D:9)
  3 ogres (D:9)
  A bullfrog (D:7)
  An orc priest (D:9)
  An orc wizard (D:7)
  13 orcs
22 creatures vanquished.

Vanquished Creatures (others)
  6 plants (D:9)
6 creatures vanquished.

Grand Total: 424 creatures vanquished

Notes
Turn   | Place    | Note
-------+----------+-------------------------------------------
     0 | D:1      | snetch the Minotaur Berserker began the quest for the Orb.
     0 | D:1      | Reached XP level 1. HP: 19/19 MP: 0/0
   276 | D:1      | Found a faded altar of an unknown god.
   441 | D:1      | Reached XP level 2. HP: 27/27 MP: 1/1
  1037 | D:2      | Reached XP level 3. HP: 24/33 MP: 2/2
  1038 | D:2      | Reached ** piety under Trog
  1558 | D:2      | Reached skill level 1 in Staves
  2301 | D:3      | Reached XP level 4. HP: 41/41 MP: 3/3
  2413 | D:4      | Noticed a lemure
  2413 | D:4      | Noticed a lemure
  2414 | D:4      | Noticed a lemure
  2414 | D:4      | Noticed Pikel
  2431 | D:3      | Killed a lemure
  2477 | D:3      | Noticed Ijyb
  2492 | D:3      | Killed Ijyb
  2655 | D:3      | Reached skill level 1 in Throwing
  3013 | D:4      | Noticed a lemure
  3031 | D:4      | Noticed Robin
  3038 | D:4      | Killed Robin
  3039 | D:4      | Reached XP level 5. HP: 45/47 MP: 4/4
  3040 | D:4      | Reached skill level 5 in Axes
  3047 | D:4      | Killed a lemure
  3051 | D:4      | Killed a lemure
  3061 | D:4      | Reached *** piety under Trog
  3084 | D:4      | Killed a lemure
  3095 | D:4      | Killed Pikel
  3096 | D:4      | Reached skill level 5 in Fighting
  3096 | D:4      | Reached XP level 6. HP: 11/56 MP: 5/5
  3096 | D:4      | Reached XP level 7. HP: 12/61 MP: 6/6
  3416 | D:4      | You fall into a shaft and drop 2 floors!
  3427 | D:6      | Reached skill level 5 in Armour
  3706 | D:6      | Noticed a steam dragon
  3716 | D:6      | Killed a steam dragon
  3889 | D:6      | Found a staircase to the Ecumenical Temple.
  3919 | D:6      | Reached XP level 8. HP: 69/69 MP: 7/7
  3921 | Temple   | Entered the Ecumenical Temple
  4134 | D:5      | Entered Level 5 of the Dungeon
  4145 | D:5      | Reached skill level 1 in Maces & Flails
  4419 | D:4      | Identified the -4 pair of gloves of the Neverending Knives
                  | {rElec}
  4712 | D:4      | Identified the +3 ring mail of Generosity {Will+ MP+9}
  4989 | D:4      | Found a runed translucent door.
  4990 | D:4      | Noticed Crazy Yiuf
  4997 | D:4      | Killed Crazy Yiuf
  5143 | D:5      | Reached **** piety under Trog
  5655 | D:5      | Found a runed translucent gate.
  5656 | D:5      | Found a runed translucent gate.
  5656 | D:5      | Found a runed translucent gate.
  5656 | D:5      | Noticed siradein's ghost (novice HOFi)
  5679 | D:5      | Killed siradein's ghost
  5680 | D:5      | Reached XP level 9. HP: 69/75 MP: 8/8
  5797 | D:5      | Reached skill level 5 in Maces & Flails
  5797 | D:5      | Reached skill level 1 in Stealth
  6146 | D:6      | Found Mekhla's Antique Armour Shoppe.
  6268 | D:7      | Found a sand-covered staircase.
  6294 | D:7      | Noticed Amaemon
  6295 | D:7      | Noticed an orange demon
  6316 | D:7      | Killed Amaemon
  6341 | D:7      | Killed an orange demon
  6346 | D:7      | Reached XP level 10. HP: 27/86 MP: 9/9
  6404 | Ossuary  | Entered an ossuary
  6504 | Ossuary  | Reached ***** piety under Trog
  6718 | D:6      | Found the +4 robe of Augmentation {Str+4 Int+4 Dex+4}
  7372 | D:7      | Identified the +5 mace "Earthworm" {flame, rCorr Str+6}
  8178 | D:8      | Reached skill level 5 in Dodging
  8327 | D:8      | Identified the +1 scale mail of Prudence {Dex+7 Stlth-}
  8555 | D:8      | Found Yptorchi's Book Shoppe.
  9063 | D:9      | Identified the +10 rapier of Jieham Cein {vorpal, Dex+5}
                  | (Trog gifted it to you on level 9 of the Dungeon)
  9063 | D:9      | Received a gift from Trog
  9161 | D:9      | Reached skill level 10 in Maces & Flails
  9210 | D:9      | Found a blossoming altar of Fedhas.
  9795 | D:9      | Reached XP level 11. HP: 95/95 MP: 10/10
  9823 | D:10     | Entered Level 10 of the Dungeon
  9830 | D:10     | Reached skill level 1 in Polearms
  9887 | D:10     | Found a staircase to the Orcish Mines.
  9996 | D:9      | Found a staircase to the Lair.
 10176 | D:10     | Noticed a two-headed ogre
 10195 | D:10     | Killed a two-headed ogre
 10576 | D:10     | Found Luzequr's Magic Scroll Shop.
 10587 | D:10     | Bought a scroll of fear for 49 gold pieces
 10587 | D:10     | Bought a scroll of teleportation for 42 gold pieces
 10587 | D:10     | Bought a scroll of fog for 28 gold pieces
 10587 | D:10     | Bought a scroll of noise for 14 gold pieces
 10599 | D:10     | Bought a scroll of blinking for 105 gold pieces
 10825 | D:12     | Reached skill level 5 in Throwing
 10825 | D:12     | Reached skill level 10 in Armour
 10833 | D:11     | Noticed a seven-headed hydra
 10839 | D:11     | Killed a seven-headed hydra
 11043 | D:11     | Noticed a purple ugly thing
 11054 | D:11     | Killed a purple ugly thing
 11219 | D:11     | Noticed Grum
 11228 | D:11     | Killed Grum
 11335 | D:11     | Noticed a boulder beetle
 11350 | D:11     | Killed a boulder beetle
 11562 | D:11     | Upgraded the game from 0.29-a0-214-g17f627cfee to
                  | 0.29-a0-219-g0a02b1cf4f
 11584 | D:12     | Noticed a six-headed hydra
 11595 | D:12     | Killed a six-headed hydra
 11596 | D:12     | Reached XP level 12. HP: 82/106 MP: 11/11
 11641 | D:12     | Identified the +1 leather armour of the Armadillo {+Inv
                  | Int+3 SInv}
 11644 | D:12     | Noticed a six-headed hydra
 11647 | D:12     | Noticed a seven-headed hydra
 11653 | D:12     | Killed a six-headed hydra
 11654 | D:12     | Reached skill level 10 in Fighting
 11654 | D:12     | Reached skill level 1 in Evocations
 11656 | D:12     | Killed a seven-headed hydra
 11661 | D:12     | Noticed a five-headed hydra
 11669 | D:12     | Killed a five-headed hydra
 12156 | D:13     | Found a gate to the Vaults.
 12158 | D:13     | Noticed a radroach
 12158 | D:13     | a slime creature changed into a radroach
 12166 | D:13     | Noticed a quicksilver ooze
 12166 | D:13     | a radroach changed into a quicksilver ooze
 12169 | D:13     | Noticed a spark wasp
 12169 | D:13     | a quicksilver ooze changed into a spark wasp
 12170 | D:13     | Noticed a quicksilver ooze
 12170 | D:13     | a spark wasp changed into a quicksilver ooze
 12171 | D:13     | Noticed a seven-headed hydra
 12171 | D:13     | a quicksilver ooze changed into a seven-headed hydra
 12250 | D:12     | Noticed an ettin
 12250 | D:12     | an ettin changed into a wolf spider
 12370 | D:13     | Noticed a catoblepas
 12383 | D:13     | Killed a catoblepas
 12440 | D:13     | Noticed Kirke
 12500 | D:13     | HP: 4/110 [something (16)]
 12503 | D:13     | Slain by a hog

Illustrated notes

Levels and vault maps discovered:
D:1:      matt_arrival_refuge, layout_loops_corners,
          ebering_ecumenical_altar_sacrificial
D:2:      layout_loops_ring, feat_on_display
D:3:      layout_loops_corners, uniq_ijyb
D:4:      kennysheep_the_goblin_king, layout_loops_ring, serial_rivers,
          chequers_serial_rivers_small_b, chequers_serial_rivers_micro_a,
          chequers_serial_rivers_small_a, chequers_serial_rivers_micro_d,
          chequers_serial_rivers_small_a, minmay_goblin_kobold_house,
          uniq_robin, uniq_crazy_yiuf_cottage, uniq_pikel
D:5:      layout_cave_pods, biasface_ghost_orc_armoury
D:6:      layout_loops_ring, minmay_temple_entry_slanted, serial_shops,
          nicolae_shop_statue_plus
D:7:      layout_basic, nicolae_ossuary_entry_false_entrances,
          mrwooster_statue_mirror, roderic_batcave, minmay_misc_feat_room,
          dk_rats_in_the_wall, uniq_amaemon
D:8:      layout_loops_cross, serial_shops, nicolae_shop_crystal,
          minmay_fractal_squares_5
D:9:      layout_roguey [special_room_orc], mainiacjoe_overflow_brackets,
          david_lair_shrubbed, grunt_ministairs_7
D:10:     layout_long_grid, david_orc_3, serial_shops, nicolae_lakefront_shop
D:11:     layout_loops_ring, uniq_grum
D:12:     layout_cave_pools
D:13:     layout_roguey [special_room_orc], david_vaults_2, uniq_kirke
Temple:   regret_index_temple_sigil_plot

Skill      XL: |  1  2  3  4  5  6  7  8  9 10 11 12 |
---------------+-------------------------------------+-----
Fighting       | 4 5 6 7 8 9 11 | 11.1
Axes           | 4 7 8 9 |  9.0
Staves         | 1 |  1.9
Armour         | 3 4 5 6 7 8 10 12 | 12.6
Throwing       | 1 2 3 4 5 6 |  6.1
Dodging        | 3 4 6 7 |  7.0
Maces & Flails | 4 8 11 12 | 12.8
Stealth        | 1 2 3 |  3.1
Polearms       | 2 |  2.7
Evocations     | 2 |  2.0

Action                   |  1- 3 |  4- 6 |  7- 9 | 10-12 || total
-------------------------+-------+-------+-------+-------++-------
Melee: Hand axe          |    27 |    83 |     1 |       ||   111
       Quarterstaff      |    42 |       |       |       ||    42
       Headbutt          |     4 |    16 |    60 |   129 ||   209
       Whip              |       |       |   208 |   101 ||   309
       Mace              |       |       |       |   393 ||   393
       Rapier            |       |       |       |     6 ||     6
       Demon trident     |       |       |       |     4 ||     4
       Unarmed           |       |       |       |    11 ||    11
Throw: Stone             |    42 |     5 |    35 |       ||    82
       Dart              |       |    14 |    37 |    68 ||   119
       Boomerang         |       |       |       |     3 ||     3
Invok: Trog's Hand       |       |     1 |     2 |     4 ||     7
       Berserk           |       |     1 |     2 |     3 ||     6
       Brothers in Arms  |       |       |     1 |     2 ||     3
Evoke: Wand              |       |       |       |     6 ||     6
  Use: Potion            |       |       |     1 |     2 ||     3
       Scroll            |       |       |       |    14 ||    14
Armor: Ring mail         |    32 |    41 |    77 |    76 ||   226
       Robe              |       |       |       |    13 ||    13
       Chain mail        |       |       |       |   206 ||   206
Dodge: Dodged            |    41 |    44 |   112 |   283 ||   480

Table legend: (Time is in decaauts)
 A = Elapsed time spent in this place.
 B = Non-inter-level travel time spent in this place.
 C = Inter-level travel time spent in this place.
 D = Time resting spent in this place.
 E = Time spent auto-exploring this place.
 F = Levels seen in this place.
 G = Mean time per level.
                   A        B        C        D        E       F      G
               +--------+--------+--------+--------+--------+-----+--------+
         Total |  12415 |  11491 |    924 |    101 |   7819 |  15 |  827.7 |
       Dungeon |  12037 |  11124 |    913 |    101 |   7701 |  13 |  925.9 |
        Temple |    173 |    162 |     11 |      0 |     35 |   1 |  173.0 |
       Ossuary |    204 |    204 |      0 |      0 |     83 |   1 |  204.0 |
               +--------+--------+--------+--------+--------+-----+--------+

Top non-repeatable levels by time:
     D:3: 1367 daAuts
     D:4: 1309 daAuts
     D:7: 1214 daAuts
     D:6: 1181 daAuts
     D:2: 1044 daAuts
     D:9: 926 daAuts
     D:5: 886 daAuts
     D:1: 867 daAuts
    D:11: 785 daAuts
    D:10: 785 daAuts
     D:8: 745 daAuts
    D:12: 712 daAuts
    D:13: 211 daAuts
 Ossuary: 204 daAuts
  Temple: 173 daAuts
